 Dungeon Crawl Stone Soup version 0.30-a0-587-gfd7c166f36 (webtiles) character file.

Game seed: 9363112181846588651

210 Citaku the Covered (level 5, -5/47 HPs)
             Began as a Minotaur Fighter on Jan 4, 2023.
             Slain by Edmund
             ... wielding a +1 dire flail of protection
              (17 damage)
             ... on level 3 of the Dungeon.
             The game lasted 00:04:19 (2637 turns).

Citaku the Covered (Minotaur Fighter)               Turns: 2637, Time: 00:04:19

Health: -5/47      AC: 14    Str: 23    XL:     5   Next: 57%
Magic:  4/4        EV:  7    Int:  5    God:
Gold:   167        SH:  4    Dex:  9    Spells: 4/4 levels left

rFire   . . .      SeeInvis .    a - +0 war axe
rCold   . . .      Faith    .    c - +0 buckler
rNeg    . . .      Spirit   .    g - +4 chain mail
rPois   .          Reflect  .    (helmet restricted)
rElec   .          Harm     .    (no cloak)
rCorr   .          Rampage  .    (no gloves)
Will    .....                    (no boots) Stlth
                                 (no amulet)
HPRegen 0.27/turn                (no ring)
MPRegen 0.09/turn                (no ring)

@: mighty
A: horns 2, retaliatory headbutt
a: no special abilities


You were on level 3 of the Dungeon.
You visited 1 branch of the dungeon, and saw 4 of its levels.

You collected 167 gold pieces.

Inventory:

Hand Weapons
 a - a +0 war axe (weapon)
Armour
 c - a +0 buckler (worn)
 g - a +4 chain mail (worn)
 k - a +0 plate armour
Scrolls
 e - a scroll of torment {unknown}
 f - 4 scrolls of identify {unknown}
 h - a scroll of noise {unknown}
Potions
 b - a potion of lignification {unknown}
 d - a potion of might
 i - 2 potions of curing {unknown}
 j - a potion of haste {unknown}
 l - a potion of attraction {unknown}
 m - a potion of invisibility {unknown}


   Skills:
 + Level 4.6 Fighting
 * Level 4.9 Axes
 * Level 5.5 Armour
 - Level 3.6 Shields


You had 4 spell levels left.
You didn't know any spells.
Your spell library was empty.

Dungeon Overview and Level Annotations

Branches:
Dungeon (4/15)
 Temple: D:4-7

Altars:

Shops:
D:3 *

Annotations:
D:3 Edmund
D:4 Eustachio


Innate Abilities, Weirdness & Mutations

You have a pair of horns on your head.
You reflexively headbutt those who attack you in melee.


Message History

You block the bat's attack. x2
The endoplasm freezes you.
You are frozen.
The bat hits you but does no damage.
You hear a shout! x2
The endoplasm attacks as you move away!
The endoplasm hits you but does no damage.
The bat barely misses you. You furiously retaliate!
You headbutt the bat.
You kill the bat!
The bat's corpse disappears in a puff of smoke!
Edmund rages.
The bat barely misses you. You furiously retaliate!
You headbutt the bat, but do no damage.
An ogre comes into view. It is wielding a +0 giant spiked club.
Eustachio casts a spell.
The bat closely misses you. You furiously retaliate!
You headbutt the bat.
You kill the bat!
The bat's corpse disappears in a puff of smoke!
The endoplasm freezes you.
You are frozen.
The endoplasm attacks as you move away! You block the endoplasm's attack.
Edmund hits you with a +1 dire flail of protection!
Edmund hits you with a +1 dire flail of protection.
Edmund attacks as you move away!
Edmund hits you with a +1 dire flail of protection!!
The endoplasm hits you but does no damage.
There is a stone staircase leading up here.
Edmund barely misses you. The endoplasm barely misses you.
Edmund hits you with a +1 dire flail of protection.
* * * LOW HITPOINT WARNING * * *
You climb upwards.
There is a stone staircase leading down here.
You feel very mighty all of a sudden.
Edmund hits you with a +1 dire flail of protection.
* * * LOW HITPOINT WARNING * * *
You block the endoplasm's attack.
You hit Edmund. You headbutt Edmund!
Edmund is lightly wounded.
You hit the endoplasm.
Edmund hits you with a +1 dire flail of protection!
You die...

#############
#.......#J..## #####
#.#####@@....## ....#####.#
#.......# ..........#
#.......#### ###...))..#
#..........#
.....####.#####......###.##
###.## #.......#....##.#.##
###.#
#............#.###.######
##..## #####)####....##
##.....# .....# #.#
#..##.###.####.#


You could see Edmund (berserk) and an endoplasm.

Vanquished Creatures
  An ice beast (D:3)
  4 adders
  A worm (D:3)
  4 dart slugs
  5 orcs (D:3)
  5 ball pythons
  7 endoplasms
  6 giant cockroaches
  4 goblins
  4 hobgoblins
  7 kobolds
  4 quokkas
  2 bats
  2 frilled lizards
  5 rats
61 creatures vanquished.

Notes
Turn   | Place    | Note
-------+----------+-------------------------------------------
     0 | D:1      | Citaku the Minotaur Fighter began the quest for the Orb.
     0 | D:1      | Reached XP level 1. HP: 19/19 MP: 0/0
   263 | D:1      | Reached XP level 2. HP: 27/27 MP: 1/1
   266 | D:1      | Reached skill level 4 in Armour
   479 | D:1      | Reached XP level 3. HP: 33/33 MP: 2/2
  1860 | D:3      | Reached XP level 4. HP: 22/40 MP: 3/3
  1882 | D:3      | Found Mavefise's Assorted Antiques.
  2034 | D:3      | Noticed an ice beast
  2056 | D:3      | Killed an ice beast
  2057 | D:3      | Reached skill level 5 in Armour
  2057 | D:3      | Reached XP level 5. HP: 30/47 MP: 4/4
  2619 | D:4      | Noticed Eustachio
  2624 | D:4      | Noticed Edmund
  2630 | D:4      | Noticed an ogre
  2637 | D:3      | Slain by Edmund

Illustrated notes

Levels and vault maps discovered:
D:1:      dpeg_chamrin_arrival_tetris, layout_basic,
          chequers_serial_rivers_large_a
D:2:      layout_basic, kennysheep_path_1
D:3:      layout_loops_ring, serial_shops, nicolae_shop_crystal,
          minmay_misc_feat_roman, item_on_display_a
D:4:      layout_rooms, uniq_eustachio, uniq_edmund, uniq_robin

Skill      XL: |  1  2  3  4 |
---------------+-------------+-----
Armour         | 4 5 |  5.5
Axes           | 3 4 |  4.9
Fighting       | 4 |  4.6
Shields        | |  3.6

Action                   |  1- 3 |  4- 6 || total
-------------------------+-------+-------++-------
Melee: War axe           |    66 |    57 ||   123
       Headbutt          |     9 |    10 ||    19
  Use: Potion            |       |     1 ||     1
Armor: Scale mail        |     3 |       ||     3
       Chain mail        |    50 |    39 ||    89
Dodge: Dodged            |    21 |    24 ||    45
Block: Buckler           |    18 |    14 ||    32

Table legend: (Time is in decaauts)
 A = Elapsed time spent in this place.
 B = Non-inter-level travel time spent in this place.
 C = Inter-level travel time spent in this place.
 D = Time resting spent in this place.
 E = Time spent auto-exploring this place.
 F = Levels seen in this place.
 G = Mean time per level.
                   A        B        C        D        E       F      G
               +--------+--------+--------+--------+--------+-----+--------+
         Total |   2695 |   2695 |      0 |      0 |   2101 |   4 |  673.8 |
       Dungeon |   2695 |   2695 |      0 |      0 |   2101 |   4 |  673.8 |
               +--------+--------+--------+--------+--------+-----+--------+

Top non-repeatable levels by time:
     D:2: 1023 daAuts
     D:3: 819 daAuts
     D:1: 809 daAuts
     D:4: 42 daAuts
